 Dungeon Crawl Stone Soup version 0.28-a0-258-g8de209e91f (webtiles) character file.

Game seed: 15282101516819688220

2193 Lauz the Carver (level 9, -1/71 (79) HPs)
             Began as a Minotaur Fighter on Aug 19, 2021.
             Was a Priest of Okawaru.
             Slain by a wight (4 damage)
             ... on level 7 of the Dungeon on Aug 26, 2021.
             The game lasted 00:21:09 (7053 turns).

Lauz the Carver (Minotaur Fighter)                  Turns: 7053, Time: 00:21:09

HP:   -1/71 (79)    AC:  9    Str: 23    XL:     9   Next: 12%
MP:   8/8           EV:  7    Int:  5    God:    Okawaru [***...]
Gold: 280           SH:  8    Dex: 11    Spells: 8/8 levels left

rFire   . . .      SeeInvis .   a - +0 long sword
rCold   . . .      Faith    .   c - +0 kite shield
rNeg    . . .      Spirit   .   b - +0 scale mail
rPois   .          Reflect  .   (helmet restricted)
rElec   .          Harm     .   (no cloak)
rCorr   .          Rampage  .   (no gloves)
Will    .....                   C - +1 pair of boots
Stlth   ..........              B - amulet of regeneration
HPRegen 1.21/turn               A - +4 ring of slaying
MPRegen 0.11/turn               (no ring)

@: mighty, heavily drained
A: horns 2, retaliatory headbutt
a: Renounce Religion, Heroism


You were on level 7 of the Dungeon.
You worshipped Okawaru.
Okawaru was most pleased with you.
You visited 1 branch of the dungeon, and saw 8 of its levels.

You collected 280 gold pieces.

Inventory:

Hand Weapons
 a - a +0 long sword (weapon)
 f - a +0 dagger
Missiles
 g - 129 stones (quivered)
 t - a throwing net
Armour
 b - a +0 scale mail (worn)
 c - a +0 kite shield (worn)
 k - a +0 plate armour
 C - a +1 pair of boots (worn)
 D - a +0 chain mail
Jewellery
 A - a +4 ring of slaying (left hand)
 B - an amulet of regeneration (around neck)
Wands
 y - a wand of flame (12)
Scrolls
 i - 5 scrolls of identify {unknown}
 j - 2 scrolls of amnesia {unknown}
 l - a scroll of vulnerability {unknown}
 n - a scroll of enchant armour {unknown}
 p - a scroll of fear {unknown}
 q - 4 scrolls of teleportation {unknown}
 s - 4 scrolls of noise {unknown}
 E - a scroll of magic mapping {unknown}
 F - a scroll of holy word {unknown}
 G - a scroll of blinking {unknown}
Potions
 e - 3 potions of ambrosia {unknown}
 h - 2 potions of haste {unknown}
 m - 2 potions of brilliance {unknown}
 o - a potion of lignification {unknown}
 r - a potion of magic {unknown}
 u - a potion of mutation {unknown}
 v - a potion of flight {unknown}
 w - a potion of cancellation {unknown}
 x - a potion of heal wounds {unknown}
 z - a potion of degeneration {unknown}


   Skills:
 + Level 7.4 Fighting
 * Level 12.7 Long Blades
 + Level 0.1 Throwing
 - Level 3.6 Armour
 - Level 3.6 Shields


You had 8 spell levels left.
You didn't know any spells.
Your spell library contained the following spells:

 Spells                   Type           Power      Damage    Failure   Level
 Magic Dart               Conj           0%         1d3       99%         1
 Sting                    Tmut/Pois      0%         1d3       99%         1
 Poisonous Vapours        Pois/Air       0%         N/A       100%        2
 Inner Flame              Hex/Fire       0%         N/A       100%        3
 Mephitic Cloud           Conj/Pois/Air  0%         N/A       100%        3
 Cause Fear               Hex            0%         N/A       100%        4
 Olgreb's Toxic Radiance  Pois           0%         N/A       100%        4
 Discord                  Hex            0%         N/A       100%        8
 Call Imp                 Summ           Unusable   N/A       N/A         2

Dungeon Overview and Level Annotations

Branches:
Dungeon (8/15)             Temple (0/1) D:4
   Lair: D:8-11

Altars:
Ashenzari
Elyvilon
Fedhas
Kikubaaqudgha
Makhleb
Okawaru
Vehumet
Wu Jian
Zin

Shops:
D:2 [   D:6 **

Annotations:
D:5 3 runed translucent doors, Zgarb's ghost, novice GnDe; vogonpoet's ghost, amateur SpEn


Innate Abilities, Weirdness & Mutations

You have a pair of horns on your head.
You reflexively headbutt those who attack you in melee.


Message History

Unknown command.
You closely miss the killer bee.
You feel sick. You block the killer bee's attack. x2
A cyclops comes into view.
You block the killer bee's attack.
You feel sick. You block the killer bee's attack. The killer bee stings you.
You climb upwards.
You feel sick.
There is a stone staircase leading down here.
Unknown command.
You hit the killer bee. You headbutt the killer bee.
The killer bee is moderately wounded.
You feel sick.
You are no longer poisoned.
The killer bee completely misses you. You furiously retaliate!
You headbutt the killer bee!
You kill the killer bee!
Okawaru accepts your kill.
The wight hits you from afar with a +6 halberd!
You feel drained. The wight hits you with a +6 halberd!
You hit the wight but do no damage. You headbutt the wight!
The wight is severely damaged.
You hit the wight.
The wight is almost destroyed.
You hit the wight but do no damage.
The wight is almost destroyed.
The wight hits you with a +6 halberd!
You feel drained.
* * * LOW HITPOINT WARNING * * *
The wight hits you from afar with a +3 spear!
* * * LOW HITPOINT WARNING * * *
You feel drained. The wight hits you but does no damage.
Okay, then.
You feel very mighty all of a sudden. You block the wight's attack.
The wight hits you with a +6 halberd!
* * * LOW HITPOINT WARNING * * *
You slice the wight!!
You destroy the wight!
Okawaru accepts your kill.
The wight hits you from afar with a +3 spear.
You die...

###............y.###.....
##..........##### ....
#........#### y..
#.........# y.
#.........# y
##.........##
#.......z...#
#.........>.#
#......)@.†.#
#...........#
##..........#
#..........# #........_.#
#.........## #.........#
#.#.......# ..####....#


You could see a wight.

Vanquished Creatures
  A water moccasin (D:5)
  An orc warrior (D:5)
  2 sky beasts (D:6)
  2 ogres
  A necrophage (D:4)
  4 centaurs
  A kobold brigand (D:5)
  3 scorpions
  A bullfrog (D:6)
  2 water moccasin skeletons
  3 killer bees
  2 wights (D:7)
  A crimson imp (D:6)
  A centaur zombie (D:6)
  2 hounds
  A bullfrog zombie (D:6)
  4 jellies
  2 orc priests
  A bullfrog skeleton (D:4)
  4 iguanas
  A killer bee zombie (D:5)
  Robin (D:2)
  6 adders
  3 shadow imps
  2 white imps
  An ufetubus (D:4)
  2 worms (D:3)
  7 dart slugs
  13 orcs
  A ball python (D:4)
  5 endoplasms
  A giant cockroach (D:1)
  11 goblins
  9 hobgoblins
  3 jackals (D:4)
  10 kobolds
  4 bats
  4 frilled lizards
  2 rats (D:1)
125 creatures vanquished.

Vanquished Creatures (others)
  A scorpion (D:5)
  4 wights (D:5)
5 creatures vanquished.

Grand Total: 130 creatures vanquished

Notes
Turn   | Place    | Note
-------+----------+-------------------------------------------
     0 | D:1      | Lauz the Minotaur Fighter began the quest for the Orb.
     0 | D:1      | Reached XP level 1. HP: 19/19 MP: 0/0
   141 | D:1      | Upgraded the game from 0.28-a0-199-g298df9dbad to
                  | 0.28-a0-258-g8de209e91f
   462 | D:1      | Reached XP level 2. HP: 27/27 MP: 1/1
   619 | D:1      | Reached skill level 3 in Long Blades
   966 | D:2      | Noticed Robin
   979 | D:1      | Reached XP level 3. HP: 17/34 MP: 2/2
  1210 | D:2      | Killed Robin
  1406 | D:2      | Reached skill level 4 in Long Blades
  1437 | D:2      | Reached XP level 4. HP: 41/41 MP: 3/3
  1481 | D:2      | Reached skill level 5 in Fighting
  1726 | D:2      | Found a faded altar of an unknown god.
  1868 | D:2      | Found Lech's Antique Armour Shoppe.
  2033 | D:3      | Found a broken altar of Ashenzari.
  2574 | D:3      | Found a faded altar of an unknown god.
  2574 | D:3      | Found an iron altar of Okawaru.
  2581 | D:3      | Found a blossoming altar of Fedhas.
  2595 | D:3      | Became a worshipper of Warmaster Okawaru
  2599 | D:3      | Found an ornate altar of the Wu Jian Council.
  2601 | D:3      | Found a faded altar of an unknown god.
  2649 | D:3      | Reached skill level 5 in Long Blades
  2649 | D:3      | Reached XP level 5. HP: 46/48 MP: 4/4
  2723 | D:3      | Found a white marble altar of Elyvilon.
  3417 | D:4      | Found a staircase to the Ecumenical Temple.
  3425 | D:4      | Reached skill level 6 in Long Blades
  3425 | D:4      | Reached XP level 6. HP: 48/56 MP: 5/5
  3564 | D:4      | Reached skill level 7 in Long Blades
  4059 | D:4      | Reached XP level 7. HP: 56/62 MP: 6/6
  4125 | D:4      | Reached skill level 8 in Long Blades
  4217 | D:5      | Entered Level 5 of the Dungeon
  4373 | D:5      | Reached * piety under Okawaru
  4730 | D:5      | Reached skill level 9 in Long Blades
  5205 | D:5      | Reached skill level 10 in Long Blades
  5205 | D:5      | Reached XP level 8. HP: 71/71 MP: 7/7
  5457 | D:5      | Found a runed translucent gate.
  5457 | D:5      | Found a runed translucent gate.
  5457 | D:5      | Found a runed translucent gate.
  5458 | D:5      | Noticed Zgarb's ghost (novice GnDe)
  5459 | D:5      | Noticed vogonpoet's ghost (amateur SpEn)
  5876 | D:6      | Found Lun Wego's Elemental Accessories.
  5984 | D:6      | Reached ** piety under Okawaru
  6053 | D:5      | Reached skill level 11 in Long Blades
  6365 | D:6      | Found a burning altar of Makhleb.
  6365 | D:6      | Found a radiant altar of Vehumet.
  6531 | D:6      | Reached skill level 12 in Long Blades
  6727 | D:6      | Reached XP level 9. HP: 79/79 MP: 8/8
  6866 | D:6      | Found Zin's Purification Station.
  6869 | D:6      | Found a glowing silver altar of Zin.
  6997 | D:7      | Found an ancient bone altar of Kikubaaqudgha.
  7038 | D:8      | Noticed a two-headed ogre
  7041 | D:8      | Reached *** piety under Okawaru
  7042 | D:8      | Noticed a cyclops
  7052 | D:7      | HP: 2/71 [wight (10)]
  7053 | D:7      | Slain by a wight

Illustrated notes

Levels and vault maps discovered:
D:1:      tarquinn_simple_flora_water_d, layout_basic, minmay_bisected
D:2:      layout_rooms, shapermc_ecumenical_altar_venn, serial_shops,
          nicolae_square_shop, wander_ebering_terrifying_dragon_lair, uniq_robin
D:3:      layout_basic, chequers_temple_overflow_minitemple,
          lemuel_coloured_pillars_altar, evilmike_ruin_ashenzari
D:4:      layout_loops_cross, minmay_temple_entry_trees
D:5:      layout_loops_ring, gammafunk_ghost_cemetery, st_stairs_3,
          minmay_misc_feat_tower, lemuel_flamethrower_2
D:6:      layout_loops_cross, grunt_temple_overflow_lords_of_destruction,
          zin_purify, nicolae_elemental_shop
D:7:      layout_cave_pods, overflow_temple_1_default
D:8:      minmay_four_partial_circles, layout_loops_ring,
          mainiacjoe_overflow_alcove_1,
          ploomutoo_gammafunk_ghost_potion_laboratory, kennysheep_pointless_box,
          amcnicky_mini_pool_small, sword_in_stone, uniq_harold

Skill      XL: |  1  2  3  4  5  6  7  8 |
---------------+-------------------------+-----
Fighting       | 4 5 6 7 |  7.4
Long Blades    | 3 4 5 6 7 10 12 | 12.7
Throwing       | |  0.1
Armour         | |  3.6
Shields        | |  3.6

Action                   |  1- 3 |  4- 6 |  7- 9 || total
-------------------------+-------+-------+-------++-------
Melee: Long sword        |    59 |   102 |   145 ||   306
       Headbutt          |    12 |    30 |    28 ||    70
Throw: Stone             |       |     1 |     4 ||     5
Invok: Heroism           |       |       |     1 ||     1
  Use: Potion            |       |       |     1 ||     1
Armor: Scale mail        |    31 |    20 |    61 ||   112
Dodge: Dodged            |    26 |    28 |    40 ||    94
Block: Kite shield       |    31 |    41 |    51 ||   123
       Rpst.: Long sword |     9 |    10 |     9 ||    28

Table legend: (Time is in decaauts)
 A = Elapsed time spent in this place.
 B = Non-inter-level travel time spent in this place.
 C = Inter-level travel time spent in this place.
 D = Time resting spent in this place.
 E = Time spent auto-exploring this place.
 F = Levels seen in this place.
 G = Mean time per level.
                   A        B        C        D        E       F      G
               +--------+--------+--------+--------+--------+-----+--------+
         Total |   7135 |   6661 |    474 |   1361 |   4190 |   8 |  891.9 |
       Dungeon |   7135 |   6661 |    474 |   1361 |   4190 |   8 |  891.9 |
               +--------+--------+--------+--------+--------+-----+--------+

Top non-repeatable levels by time:
     D:5: 1902 daAuts
     D:4: 1355 daAuts
     D:1: 1205 daAuts
     D:3: 998 daAuts
     D:6: 833 daAuts
     D:2: 757 daAuts
     D:7: 77 daAuts
     D:8: 5 daAuts
